 Dungeon Crawl Stone Soup version 0.30.1-11-g7821555f0a (webtiles) character file.

Game seed: 18028230957931610646

939 booth the Ruffian (level 7, -2/58 HPs)
             Began as a Red Draconian Transmuter on Oct 28, 2023.
             Was an Initiate of Hepliaklqana.
             Slain by Sigmund
             ... wielding a +0 scythe
              (6 damage)
             ... on level 5 of the Dungeon.
             The game lasted 00:23:58 (4441 turns).

booth the Ruffian (Red Draconian Transmuter)        Turns: 4441, Time: 00:23:58

Health: -2/58      AC:  7    Str: 14    XL:     7   Next: 87%
Magic:  11/12      EV: 13    Int: 13    God:    Hepliaklqana [......]
Gold:   220        SH:  0    Dex: 12    Spells: 7/13 levels left

rFire   + .          .
                       - Unarmed
rCold   . . .        (no shield)
rNeg    . . .        (body armour unavailable)
rPois   +            (helmet currently unavailable)
rElec   .            i - +0 cloak
rCorr   .            (no gloves)
SInv    .            (boots currently unavailable)
Will    .....        (no amulet)
Stlth   +            j - ring of poison resistance
HPRegen 0.29/turn    (no ring)
MPRegen 0.13/turn

%: no passive effects
@: appendages
A: horns 2, talons 2, breathe fire, AC +6, unfitting armour, fire resistance 1,
cold-blooded
a: Breathe Fire, End Transformation, Renounce Religion


You were on level 5 of the Dungeon.
You worshipped Hepliaklqana.
Hepliaklqana was noncommittal.
You had temporarily grown beastly horns and talons.
You visited 2 branches of the dungeon, and saw 6 of its levels.

You collected 220 gold pieces.

Inventory:

Hand Weapons
 t - a +1 flail of holy wrath
Missiles
 e - 4 datura-tipped darts
 q - 3 curare-tipped darts
 r - 3 boomerangs (quivered)
 s - a throwing net
Armour
 i - a +0 cloak (worn)
Jewellery
 j - a ring of poison resistance (left hand)
Wands
 d - a wand of paralysis (2)
 m - a wand of iceblast (9)
 o - a wand of acid (7)
Scrolls
 b - a scroll of teleportation
 h - a scroll of poison {unknown}
Potions
 a - a potion of lignification
 c - a potion of invisibility
 f - a potion of attraction
 g - a potion of curing


   Skills:
 + Level 3.8 Fighting
 + Level 3.5 Dodging
 * Level 5.6 Unarmed Combat
 + Level 3.6 Spellcasting
 * Level 5.1 Transmutations


You had 7 spell levels left.
You knew the following spells:

 Your Spells              Type           Power      Damage    Failure   Level
a - Beastly Appendage     Tmut           30%        N/A       2%          1
b - Wereblood             Tmut           15%        N/A       4%          2
c - Spider Form           Tmut/Pois      9%         N/A       22%         3

Your spell library contained the following spells:

 Spells                   Type           Power      Damage    Failure   Level
 Magic Dart               Conj           8%         1d3       22%         1
 Call Imp                 Summ           4%         N/A       32%         2
 Mephitic Cloud           Conj/Pois/Air  2%         N/A       54%         3
 Ice Form                 Ice/Tmut       9%         N/A       58%         4
 Passage of Golubria      Tloc           2%         N/A       91%         4
 Silence                  Hex/Air        1%         N/A       99%         5
 Lehudib's Crystal Spear  Conj/Erth      1%         10d2      100%        8


Dungeon Overview and Level Annotations

Branches:
Dungeon (5/15)             Temple (1/1) D:5

Altars:
Ashenzari
Cheibriados
Elyvilon
Gozag
Hepliaklqana
Nemelex Xobeh
Okawaru
Qazlal
Ru
Sif Muna
Uskayaw
Wu Jian
Xom
Yredelemnul
Zin
The Shining One

Annotations:
D:5 Sigmund


Innate Abilities, Weirdness & Mutations

You have temporarily grown beastly horns and talons.
You can breathe blasts of fire.
Your fiery red scales are hard. (AC +6)
You cannot fit into any form of body armour.
Your flesh is heat resistant. (rF+)
You are cold-blooded and may be slowed by cold attacks.


Message History

The iguana bites you but does no damage.
The ufetubus attacks as you move away! The ufetubus barely misses you.
The ufetubus hits you. The ufetubus misses you. The ufetubus hits you.
The adder completely misses you.
There is a staircase to the Ecumenical Temple here.
You hit the ufetubus.
You kill the ufetubus!
Something barely misses you. The adder bites you but does no damage.
You barely miss the iguana.
The iguana is lightly wounded.
The adder bites you but does no damage. The iguana closely misses you.
Something hits you!
You hit the iguana but do no damage.
Your tail-slap misses the iguana.
The iguana is lightly wounded.
The adder bites you but does no damage. The iguana misses you.
Found a metallic black potion.
The iguana bites you. Something hits you!
The adder bites you but does no damage. The adder attacks as you move away!
The adder misses you.
There is a fountain of clear blue water here.
You're too confused to move!
The adder bites you but does no damage. Something hits you but does no damage.
The iguana bites you.
* * * LOW HITPOINT WARNING * * *
You feel less confused. The adder closely misses you.
Casting: Beastly Appendage (safe; 2% risk of failure)
Confirm with . or Enter, or press ? or * to list all spells.
You grow a pair of large bovine horns.
Your feet morph into talons.
The adder barely misses you. The iguana bites you!
* * * LOW HITPOINT WARNING * * *
Something hits you!
* * * LOW HITPOINT WARNING * * *
You hit the adder.
You kill the adder!
The iguana closely misses you.
You hit the iguana.
You headbutt the iguana, but do no damage.
The iguana is moderately wounded.
Something hits you.
You die...

#####..#<.......# #.#......
...#......####.....#####.#......
.....(..........................
.#.#............########.#......
#....#...#...########.#......
#....#.⌠.#)....!...##.#......
.##.###...###...........####..
........................ #.#
###..⌠..>..⌠l@..........# #.#
#...........######....# #.
#.###...###.# #.. #.⌠.# .... ..
#...# ..### #...........#
#...##...##.# ...## ###.##.# ..
..


You could see an iguana.

Vanquished Creatures
  Grinder (D:5)
  Menkaure (D:4)
  A black bear (D:4)
  An ogre (D:4)
  A phantom (D:3)
  A hound (D:4)
  Terence (D:3)
  An iguana (D:4)
  Ijyb (D:3)
  Robin (D:3)
  7 adders
  8 gnolls
  2 ufetubi
  2 worms
  2 dart slugs (D:1)
  10 orcs
  13 ball pythons
  3 bats (D:1)
  4 endoplasms
  A giant cockroach (D:3)
  6 hobgoblins
  3 jackals (D:1)
  3 quokkas
  6 frilled lizards
  18 goblins
  5 kobolds
  4 rats
107 creatures vanquished.

Notes
Turn   | Place    | Note
-------+----------+-------------------------------------------
     0 | D:1      | booth the Draconian Transmuter began the quest for the Orb.
     0 | D:1      | Reached XP level 1. HP: 16/16 MP: 3/3
   176 | D:1      | Reached XP level 2. HP: 23/23 MP: 3/5
   181 | D:1      | Learned a level 2 spell: Wereblood
   566 | D:1      | Reached XP level 3. HP: 26/28 MP: 4/6
   724 | D:1      | Learned a level 3 spell: Spider Form
   919 | D:2      | Found a stormy altar of Qazlal.
  1420 | D:2      | Reached XP level 4. HP: 34/36 MP: 7/7
  1449 | D:2      | Found a faded altar of an unknown god.
  1764 | D:3      | Noticed Ijyb
  1777 | D:3      | Paralysed by Ijyb for 4 turns
  1787 | D:3      | Killed Ijyb
  1788 | D:3      | Reached XP level 5. HP: 20/41 MP: 6/8
  1797 | D:3      | Noticed Robin
  1806 | D:3      | Killed Robin
  1984 | D:3      | Noticed a phantom
  2002 | D:3      | Killed a phantom
  2089 | D:3      | Reached XP level 6. HP: 25/50 MP: 6/10
  2535 | D:3      | Noticed Terence
  2540 | D:3      | Killed Terence
  2848 | D:4      | Noticed Menkaure
  2862 | D:4      | Killed Menkaure
  3003 | D:4      | Reached skill level 5 in Unarmed Combat
  3003 | D:4      | Your scales start taking on a fiery red colour.
  3003 | D:4      | Reached XP level 7. HP: 47/57 MP: 11/11
  3003 | D:4      | Gained mutation: Your flesh is heat resistant. (rF+) [Red
                  | Draconian growth]
  3391 | D:4      | Found an ornate altar of the Wu Jian Council.
  3394 | D:4      | Found an opulent altar of Gozag.
  3395 | D:4      | Found a basalt altar of Yredelemnul.
  3939 | D:4      | Gained mutation: You are clumsy. (Dex -2) [potion of
                  | mutation]
  3939 | D:4      | Lost mutation: You are clumsy. (Dex -2) [potion of
                  | mutation]
  3977 | D:5      | Entered Level 5 of the Dungeon
  4007 | D:5      | Noticed Grinder
  4018 | D:5      | Paralysed by Grinder for 4 turns
  4028 | D:5      | Paralysed by Grinder for 5 turns
  4039 | D:5      | Paralysed by Grinder for 3 turns
  4071 | D:5      | Killed Grinder
  4072 | D:5      | Reached skill level 5 in Transmutations
  4283 | D:5      | Found a staircase to the Ecumenical Temple.
  4303 | Temple   | Entered the Ecumenical Temple
  4389 | Temple   | Became a worshipper of Hepliaklqana the Forgotten
  4408 | D:5      | Noticed Sigmund
  4441 | D:5      | Slain by Sigmund

Illustrated notes

Levels and vault maps discovered:
D:1:      dreamdust_arrival_sigmund_warning, layout_basic,
          minmay_misc_feat_doors
D:2:      layout_basic, basic_altar, dreamdust_ecumenical_altar_statues
D:3:      layout_loops_cross, uniq_ijyb, uniq_terence, uniq_robin
D:4:      layout_cave_pods, gammafunk_temple_overflow_forgotten,
          minmay_parallelograms, dk_noncrumbling_4, uniq_menkaure
D:5:      layout_basic, vehumet_altar_wand_db, mainiacjoe_overflow_alcove_2,
          minmay_temple_entry_junction_2, gammafunk_ghost_split, serial_shops,
          nicolae_shop_overgrown_old_shop, uniq_edmund, uniq_grinder,
          uniq_sigmund
Temple:   cyrus_circular_temple

Skill      XL: |  1  2  3  4  5  6  7 |
---------------+----------------------+-----
Dodging        | 2 3 |  3.5
Fighting       | 2 3 |  3.8
Transmutations | 3 4 5 |  5.1
Unarmed Combat | 4 5 |  5.6
Spellcasting   | 3 |  3.6

Action                     |  1- 3 |  4- 6 |  7- 9 || total
---------------------------+-------+-------+-------++-------
  Melee: Unarmed           |   112 |   158 |    71 ||   341
         Tailslap          |    15 |    12 |     9 ||    36
         Kick              |    16 |    26 |    15 ||    57
         Headbutt          |     5 |    28 |    11 ||    44
         Punch             |       |     1 |     1 ||     2
  Throw: Dart              |       |       |     8 ||     8
         Boomerang         |       |       |     1 ||     1
   Cast: Beastly Appendage |    23 |    25 |    12 ||    60
         Wereblood         |       |     3 |     1 ||     4
    Use: Scroll            |     5 |     2 |     4 ||    11
         Potion            |     1 |     3 |     3 ||     7
 Armour: Skin              |    34 |    40 |    22 ||    96
  Dodge: Dodged            |    75 |    92 |    54 ||   221
